Map: Cerulean Fall LE

Players

Lambo - Winner!

  • Race: Zerg Zerg
  • League: Master
  • Spawn Location: 7:00

Clem

  • Race: Terran Terran
  • League: Grandmaster
  • Spawn Location: 1:00

VOD

Have the link to the VOD?

Description

Time

  • Played on: Jan. 11, 2019, 9:07 a.m.
  • Length: 8:50
Show
View Real Time Build Order
Export as new Build Order

Lambo Zerg - Winner!

Build Orders: Hatch First 

Get SALT Encoding   

  12  0:01  Drone  
  13  0:12  Overlord  
  13  0:18  Drone  
  14  0:31  Drone x2  
  16  0:50  Hatchery  
  16  0:51  Drone  
  16  0:55  Drone  
  17  0:58  Drone  
  18  1:09  Extractor  
  17  1:14  Spawning Pool  
  17  1:18  Drone  
  17  1:21  Drone  
  18  1:28  Drone  
  19  1:38  Drone  
  20  1:49  Overlord  
  20  2:01  Queen x2  
  20  2:02  Zergling x4  
  26  2:09  Metabolic Boost  
  26  2:12  Drone x2  
  28  2:24  Drone x2  
  30  2:38  Hatchery  
  29  2:44  Drone  
  29  2:47  Pneumatized Carapace  
  30  2:53  Drone x2  
  30  2:56  Overlord  
  32  3:00  Drone  
  32  3:04  Drone  
  34  3:07  Drone  
  34  3:11  Drone  
  36  3:18  Drone x2  
  36  3:19  Queen  
  40  3:20  Drone  
  40  3:24  Overlord  
  41  3:30  Queen  
  41  3:32  Drone  
  44  3:43  Drone x3  
  44  3:44  Drone  
  48  3:52  Overlord  
  48  3:54  Drone  
  48  3:55  Drone  
  50  3:57  Queen x2  
  50  4:01  Zergling x6  
  57  4:05  Zergling x2  
  57  4:07  Overlord  
  58  4:11  Evolution Chamber  
  58  4:14  Zergling x2  
  58  4:21  Drone x5  
  58  4:22  Drone  
  64  4:26  Evolution Chamber  
  64  4:27  Overlord  
  64  4:30  Spore Crawler  
  64  4:31  Drone  
  63  4:32  Drone  
  63  4:34  Spore Crawler  
  63  4:35  Drone  
  63  4:38  Overlord  
  64  4:39  Drone  
  64  4:40  Drone  
  59  4:54  Drone x6  
  59  4:57  Extractor  
  59  4:58  Drone  
  59  4:59  Extractor, Drone  
  65  5:00  Drone  
  65  5:03  Drone  
  65  5:06  Drone  
  68  5:08  Zerg Ground Armor Level 1  
  68  5:18  Drone x7  
  68  5:20  Drone  
  76  5:23  Overlord  
  76  5:26  Zerg Melee Weapons Level 1  
  76  5:28  Drone x2  
  76  5:34  Lair, Extractor  
  76  5:35  Extractor  
  76  5:36  Drone x2  
  76  5:42  Drone x2  
  79  5:44  Drone x2  
  79  5:48  Drone  
  82  5:50  Drone  
  82  5:51  Hatchery  
  82  5:52  Overlord  
  82  5:53  Drone  
  83  5:59  Baneling Nest  
  82  6:05  Overlord  
  82  6:06  Overlord  
  82  6:08  Zergling x14  
  89  6:14  Zergling x2  
  89  6:15  Zergling x8  
  94  6:19  Zergling x2  
  94  6:24  Overlord  
  94  6:25  Overlord  
  95  6:30  Zergling x2  
  96  6:36  Hydralisk Den, Drone  
  96  6:37  Zergling x12  
  102  6:43  Centrifical Hooks  
  102  6:46  Zergling x10  
  107  6:51  Zergling x2  
  108  6:55  Zergling x2  
  108  6:56  Zergling x2  
  108  6:59  Zergling x2  
  111  7:06  Zergling x16  
  116  7:13  Zergling x2  
  114  7:17  Zergling x2  
  114  7:18  Zergling x8  
  114  7:19  Overlord  
  114  7:22  Zergling x2  
  119  7:28  Zergling x4  
  119  7:34  Zergling x8  
  120  7:44  Zergling x8  
  122  7:45  Baneling x11  
  122  7:49  Overlord  
  122  7:50  Zergling x10  
  118  7:58  Hydralisk x3  
  118  7:59  Queen  
  118  8:00  Queen  
  118  8:03  Hydralisk  
  130  8:06  Hydralisk  
  130  8:08  Baneling x5  
  130  8:10  Overseer  
  132  8:15  Hydralisk x7  
  146  8:21  Hydralisk x3  
  147  8:29  Zergling x6  
  147  8:32  Zergling x4  
Show
View Real Time Build Order
Export as new Build Order

Clem Terran 

Build Orders: Gas First Reaper Expand, Liberator Opening 

Get SALT Encoding   

  12  0:02  SCV  
  14  0:14  SCV  
  14  0:18  Supply Depot  
  14  0:26  SCV  
  15  0:30  Refinery  
  15  0:39  SCV  
  16  0:46  Barracks  
  16  0:51  SCV  
  17  1:03  SCV  
  18  1:15  SCV  
  19  1:33  Reaper  
  19  1:34  Orbital Command  
  20  1:44  Command Center  
  20  1:55  Factory  
  20  2:00  SCV  
  21  2:08  Supply Depot  
  21  2:11  Barracks Reactor  
  21  2:15  SCV  
  22  2:20  Refinery  
  22  2:27  SCV  
  23  2:39  SCV  
  24  2:49  Starport  
  24  2:50  Hellion  
  26  2:51  SCV  
  26  2:55  Marine  
  26  2:57  Orbital Command  
  28  3:04  SCV  
  33  3:13  Hellion x2  
  33  3:17  Marine, SCV  
  35  3:23  SCV  
  36  3:27  Supply Depot  
  36  3:30  Medivac  
  38  3:34  SCV  
  38  3:35  SCV  
  38  3:38  Hellion  
  42  3:41  Hellion  
  42  3:43  Liberator  
  42  3:45  Barracks Tech Lab  
  42  3:48  SCV x2  
  46  3:52  Supply Depot  
  46  4:00  SCV  
  46  4:01  SCV  
  51  4:07  Marine, Stimpack  
  52  4:13  SCV  
  52  4:16  Factory Reactor, SCV, Supply Depot  
  54  4:27  Command Center  
  54  4:32  Marine  
  54  4:35  SCV x2  
  57  4:47  SCV  
  57  4:48  Barracks, Starport Reactor  
  57  4:49  Barracks  
  57  4:50  Marine  
  59  4:58  Supply Depot  
  60  5:00  SCV  
  60  5:03  Factory Reactor  
  60  5:04  Engineering Bay  
  60  5:06  Engineering Bay  
  60  5:08  Marine, SCV  
  62  5:18  SCV  
  62  5:19  Refinery  
  62  5:20  Refinery  
  63  5:23  SCV  
  63  5:26  Marine  
  60  5:30  SCV  
  61  5:36  Marine x2  
  61  5:40  Orbital Command  
  61  5:41  Widow Mine, SCV  
  66  5:43  Marine, SCV  
  66  5:45  Medivac x2  
  66  5:47  Widow Mine  
  66  5:48  Terran Infantry Weapons Level 1  
  74  5:51  Terran Infantry Armor Level 1  
  74  5:53  Marine  
  76  5:57  SCV x2  
  76  6:00  Marine x3  
  76  6:01  Orbital Command  
  80  6:05  Widow Mine  
  80  6:08  Widow Mine  
  80  6:10  SCV x2  
  86  6:13  Combat Shield, Supply Depot  
  86  6:18  Marine  
  87  6:24  Armory  
  87  6:27  SCV  
  87  6:30  Marine x2  
  92  6:33  Marine, Widow Mine, Supply Depot x2  
  92  6:34  Marine  
  92  6:35  Widow Mine  
  97  6:40  SCV x3, Medivac  
  97  6:46  Supply Depot  
  101  6:54  Marine, SCV x2, Medivac  
  101  6:55  Factory  
  101  6:57  Barracks x2  
  101  6:59  SCV  
  107  7:03  Marine x2  
  107  7:05  Marine  
  107  7:07  Marine  
  104  7:09  SCV  
  104  7:11  SCV  
  104  7:14  Marine, Widow Mine x2  
  102  7:21  Marine x2, SCV  
  93  7:23  Marine  
  93  7:25  Marine  
  76  7:30  SCV  
  76  7:32  Marine  
  74  7:37  SCV  
  74  7:39  Marine x2  
  74  7:40  Marine  
  74  7:42  SCV x2  
  74  7:43  Marine  
  81  7:44  Factory Tech Lab  
  81  7:49  Marine  
  82  7:54  SCV  
  82  7:55  SCV  
  82  7:56  Armory, Marine x2  
  85  7:58  Marine  
  85  8:01  Marine  
  87  8:07  Marine  
  87  8:08  SCV x2  
  87  8:11  Widow Mine x2  
  94  8:14  Barracks Reactor x2, Supply Depot  
  94  8:18  SCV  
  95  8:20  SCV x2  
  81  8:30  Marine  
  81  8:32  SCV x2  
Tags
 
Add a new tag
Caveats
  • Supply blocks, unpowered buildings, or Contaminate may cause inaccurate times.
  • Supply counts are checked every 10 seconds.